AoeStats
← Erectus Rogan?

Arabia

509470046Analyzed
1v1 RM · 6d ago on Sep 26, 2026· 23m 32s· 2 players
Game mode
Random Map
Map size
Tiny (2 player)
Population
200
Speed
Normal
Resources
Standard
Victory
Conquest
Starting age
Dark Age
Ending age
Imperial Age
RankedLock teamsTeams togetherTeam positionsShared explorationLock speedFull tech treeHidden civsTurbo modeCheats
Victory
Defeat
🇩🇪 Vikings · Germany
1055
+44
🇨🇿 Georgians · Czechia
1027
-15
mraq
1:45 Loom
9:53 Feudal Age
10:46 Double-Bit Axe
18:35 Fletching
22:33 Castle Age
21:37 Gold Mining
22:35 Scale Barding Armor
22:33 Padded Archer Armor
Erectus Rogan?
7:06 Loom
9:47 Feudal Age
10:23 Stone Mining
11:03 Double-Bit Axe
11:36 Horse Collar
16:52 Fletching
20:25 Castle Age
19:42 Gold Mining
20:40 Padded Archer Armor
20:30 Crossbowman
21:34 Bow Saw
21:56 Heavy Plow
22:05 Bodkin Arrow
Connection lost

Rejoining the realm…

Still unreachable

The connection could not be restored.

Session expired

The server has moved on; the page needs a fresh start.